AoeStats
← a.l.a.n.t

Oasis

509843254Analyzed
4v4 RM · 3d ago on Sep 28, 2026· 45m 11s· 8 players
Game mode
Random Map
Map size
Large (8 player)
Population
200
Speed
Normal
Resources
Standard
Victory
Conquest
Starting age
Dark Age
Ending age
Imperial Age
RankedLock teamsTeams togetherTeam positionsShared explorationLock speedFull tech treeHidden civsTurbo modeCheats
Victory
Defeat
🇫🇷 Burgundians · France
1334
+15
🇬🇧 Poles · United Kingdom
1318
+16
🇨🇿 Portuguese · Czechia
1308
+16
🇨🇿 Mongols · Czechia
1226
+19
🇨🇳 Ethiopians · China
1372
-18
🇨🇳 Wei · China
1358
-19
🇹🇼 Huns · Taiwan
1269
-15
🇻🇳 Saracens · Vietnam
1235
-14
Tavik
7:04 Loom
9:42 Feudal Age
10:37 Double-Bit Axe
13:54 Fletching
15:30 Padded Archer Armor
16:08 Horse Collar
24:01 Castle Age
24:48 Thumb Ring
24:07 Crossbowman
24:44 Bodkin Arrow
26:40 Leather Archer Armor
30:50 Wheelbarrow
38:33 Imperial Age
35:36 Pikeman
37:15 Town Watch
38:23 Scale Mail Armor
39:41 Ballistics
39:17 Murder Holes
40:28 Halberdier
42:58 Arquebus
45:55 Siege Engineers
a.l.a.n.t
6:41 Loom
9:17 Feudal Age
9:57 Double-Bit Axe
9:56 Horse Collar
15:57 Bloodlines
17:06 Scale Barding Armor
21:40 Wheelbarrow
24:14 Castle Age
22:45 Forging
23:08 Gold Mining
24:32 Light Cavalry
25:13 Husbandry
25:36 Chain Barding Armor
29:08 Iron Casting
30:39 Heavy Plow
30:53 Bow Saw
39:19 Imperial Age
39:12 Szlachta Privileges
39:23 Cavalier
40:40 Conscription
42:15 Blast Furnace
40:56 Winged Hussar
orangepocalypse
10:45 Feudal Age
15:54 Castle Age
15:44 Loom
16:45 Double-Bit Axe
17:03 Horse Collar
22:40 Fletching
25:13 Wheelbarrow
24:53 Bow Saw
25:00 Padded Archer Armor
25:23 Ballistics
26:01 Hand Cart
26:45 Bodkin Arrow
27:25 Thumb Ring
29:01 Leather Archer Armor
29:38 Heavy Plow
32:50 Imperial Age
32:56 Heavy Cavalry Archer
34:00 Bracer
34:38 Parthian Tactics
34:13 Town Watch
34:38 Scale Barding Armor
34:44 Forging
35:11 Bloodlines
35:01 Husbandry
37:31 Chemistry
36:39 Siege Engineers
37:58 Light Cavalry
39:01 Chain Barding Armor
39:16 Iron Casting
39:31 Conscription
40:00 Hussar
42:06 Masonry
43:30 Blast Furnace
STABYLO
3:53 Double-Bit Axe
7:19 Loom
9:21 Feudal Age
12:44 Bow Saw
12:15 Horse Collar
14:51 Heavy Plow
19:25 Castle Age
17:50 Gold Mining
19:00 Scale Barding Armor
19:59 Gold Shaft Mining
20:38 Wheelbarrow
19:28 Cavalier
20:09 Husbandry
20:54 Chain Barding Armor
22:25 Forging
27:47 Fletching
28:10 Padded Archer Armor
29:29 Bodkin Arrow
30:12 Leather Archer Armor
29:18 Elite Skirmisher
32:49 Ballistics
32:28 Stone Mining
34:01 Hand Cart
35:59 Two-Man Saw
38:45 Imperial Age
37:26 Stone Shaft Mining
37:23 Scale Mail Armor
37:24 Squires
37:10 Arson
38:25 Chain Mail Armor
37:56 Town Watch
37:59 Treadmill Crane
38:33 Masonry
38:29 Burgundian Vineyards
40:28 Chemistry
39:49 Conscription
40:04 Plate Mail Armor
40:10 Iron Casting
42:33 Blast Furnace
42:39 Crop Rotation
44:29 Flemish Revolution
xoxodniw
4:55 Loom
12:27 Feudal Age
15:21 Fletching
16:12 Double-Bit Axe
16:17 Gold Mining
18:37 Horse Collar
23:34 Castle Age
22:49 Padded Archer Armor
24:05 Wheelbarrow
24:16 Bodkin Arrow
29:25 Pikeman
37:00 Bow Saw
43:07 Hand Cart
mia
6:25 Loom
9:18 Feudal Age
10:26 Double-Bit Axe
12:18 Wheelbarrow
14:52 Fletching
16:35 Padded Archer Armor
18:00 Town Watch
23:57 Castle Age
22:26 Gold Mining
22:21 Horse Collar
24:23 Crossbowman
25:05 Bodkin Arrow
25:23 Bow Saw
31:43 Ballistics
41:35 Imperial Age
39:55 Thumb Ring
40:38 Hand Cart
41:54 Leather Archer Armor
41:50 Arbalester
42:42 Bracer
43:54 Gold Shaft Mining
halong1301
10:39 Feudal Age
10:48 Loom
14:43 Castle Age
12:55 Double-Bit Axe
13:08 Horse Collar
17:28 Bow Saw
17:31 Heavy Plow
17:46 Stone Mining
22:31 Gold Mining
25:20 Scale Barding Armor
25:27 Bloodlines
25:18 Husbandry
24:39 Light Cavalry
28:21 Forging
32:22 Chain Barding Armor
33:29 Iron Casting
37:16 Fletching
41:02 Imperial Age
40:02 Bodkin Arrow
41:12 Elite Mameluke
42:32 Plate Barding Armor
2067
9:29 Feudal Age
10:02 Double-Bit Axe
10:00 Horse Collar
15:05 Gold Mining
18:38 Castle Age
16:51 Stone Mining
17:27 Scale Barding Armor
18:06 Forging
18:25 Bloodlines
18:50 Light Cavalry
24:24 Husbandry
26:41 Wheelbarrow
28:00 Chain Barding Armor
27:59 Loom
29:57 Hand Cart
30:39 Iron Casting
30:39 Heavy Plow
31:45 Town Watch
33:36 Fletching
38:33 Imperial Age
38:04 Stone Shaft Mining
38:31 Caravan
38:58 Tuntian
39:40 Conscription
39:01 Elite Tiger Cavalry
40:42 Bow Saw
41:22 Ming Guang Armor
41:38 Hussar
43:27 Blast Furnace
Connection lost

Rejoining the realm…

Still unreachable

The connection could not be restored.

Session expired

The server has moved on; the page needs a fresh start.